 Dungeon Crawl Stone Soup version 0.26.0-11-g8f856b5395 (webtiles) character file.

Game seed: 5706590277357820669

51 EnegeticOcto the Skirmisher (level 3, -1/24 HPs)
             Began as a Gargoyle Fighter on Jan 15, 2021.
             Killed from afar by Natasha (4 damage)
             ... with a magic dart
             ... on level 2 of the Dungeon.
             The game lasted 00:00:41 (1398 turns).

EnegeticOcto the Skirmisher (Gargoyle Fighter)      Turns: 1398, Time: 00:00:42

Health: -1/24      AC: 11    Str: 20    XL:     3   Next: 81%
Magic:  3/3        EV:  7    Int:  8    God:
Gold:   54         SH:  9    Dex:  9    Spells: 2/2 levels left

rFire    . . .     SeeInvis .   a - +0 war axe
rCold    . . .     Faith    .   c - +0 kite shield
rNeg     + . .     Spirit   .   b - +0 scale mail
rPois    ∞         Reflect  .   k - +0 helmet
rElec    +         Harm     .   (no cloak)
rCorr    .         Rampage  .   (no gloves)
Will     .....                  (no boots)
Stlth    ..........             (no amulet)
HPRegen  0.08/turn              (no ring)
MPRegen  0.08/turn              (no ring)

@: slowed, very slow
A: negative energy resistance 1, electricity resistance, unbreathing,
petrification resistance, miasma immunity, AC +3
a: no special abilities


You were on level 2 of the Dungeon.
You visited 1 branch of the dungeon, and saw 2 of its levels.

You collected 54 gold pieces.

Inventory:

Hand Weapons
 a - a +0 war axe (weapon)
Armour
 b - a +0 scale mail (worn)
 c - a +0 kite shield (worn)
 k - a +0 helmet (worn)
   (You found it on level 1 of the Dungeon)
Jewellery
 f - a +6 ring of strength {unknown}
   (You found it on level 1 of the Dungeon)
Scrolls
 e - 2 scrolls of blinking {unknown}
 g - 2 scrolls of identify {unknown}
 h - 4 scrolls of remove curse {unknown}
Potions
 d - a potion of might {@q3 !q}
 i - a potion of lignification {unknown}
 j - a potion of flight {unknown}
 l - a potion of invisibility {unknown}


   Skills:
 + Level 3.7 Fighting
 * Level 2.6 Axes
 + Level 3.6 Armour
 + Level 3.7 Shields


You had 2 spell levels left.
You didn't know any spells.
Your spell library was empty.

Dungeon Overview and Level Annotations

Branches:
Dungeon (2/15)

Altars:

Annotations:
D:2 Natasha


Innate Abilities, Weirdness & Mutations

You are resistant to torment.
Your stone body is resilient. (AC +3)
You are immune to poison.
You resist negative energy. (rN+)
You are resistant to electric shocks. (rElec)
You can survive without breathing.
You are immune to petrification.
You are immune to miasma.


Message History

No target in view!
No target in view!
No target in view!
No target in view!
HP restored.
You see here an adder corpse.
Natasha, Servant of Life and Death comes into view.
A dart slug comes into view.
Found a scroll labelled BUINTO JOM VAC, an emerald potion and 11 sling bullets.
Found a ring mail.
You closely miss Natasha. You block Natasha's attack. x2
You barely miss Natasha. Natasha claws you.
You closely miss Natasha. You block Natasha's attack.
You closely miss Natasha. Natasha claws you.
Natasha claws you but does no damage.
You hit Natasha.
Natasha is moderately wounded.
You hit the dart slug. The dart slug closely misses you.
Natasha barely misses you.
You hit the dart slug.
The dart slug is almost dead.
You closely miss Natasha. Natasha claws you.
The dart slug bites you but does no damage.
Natasha mumbles some strange words.
You block the dart slug's attack.
You hit the dart slug.
You kill the dart slug!
You barely miss Natasha. You block Natasha's attack.
You closely miss Natasha.
Natasha is lightly wounded.
You slash the crimson imp! Natasha claws you.
The crimson imp closely misses you. Natasha barely misses you.
You miss the crimson imp.
The crimson imp is severely wounded.
You closely miss Natasha. The crimson imp hits you.
Natasha casts a spell.
You block the crimson imp's attack.
You are too injured to fight recklessly!
You are too injured to fight recklessly!
You are too injured to fight recklessly!
You are too injured to fight recklessly!
You are too injured to fight recklessly!
You are too injured to fight recklessly!
You are too injured to fight recklessly!
You are too injured to fight recklessly!
You are too injured to fight recklessly!
You are too injured to fight recklessly!
You are too injured to fight recklessly!
You are too injured to fight recklessly!
You are too injured to fight recklessly!
You are too injured to fight recklessly!
You are too injured to fight recklessly!
You are too injured to fight recklessly!
You are too injured to fight recklessly!
You are too injured to fight recklessly!
You are too injured to fight recklessly!
You are too injured to fight recklessly!
You closely miss Natasha.
Natasha is lightly wounded.
You hit the crimson imp. Natasha closely misses you.
The crimson imp shouts, "Disclaim thyself, thou reeling-ripe motley-minded foot-licker!"
The crimson imp hits you but does no damage.
Natasha barely misses you.
You closely miss Natasha.
Natasha is lightly wounded.
You closely miss the crimson imp.
You hit the crimson imp but do no damage.
The crimson imp hits you but does no damage.
The crimson imp barely misses you.
Natasha mumbles some strange words.
You block the crimson imp's attack.
You closely miss Natasha.
Natasha is lightly wounded.
You closely miss the crimson imp. You miss the crimson imp.
The crimson imp disappears for a moment.
The crimson imp hits you. Natasha claws you.
* * * LOW HITPOINT WARNING * * *
The crimson imp hits you but does no damage.
The shadow imp gestures at you.
You barely resist.
The crimson imp hits you but does no damage.
Natasha closely misses you.
You slash Natasha!
Natasha is severely wounded.
You closely miss the crimson imp. You hit the crimson imp.
The crimson imp hits you.
* * * LOW HITPOINT WARNING * * *
The crimson imp hits you but does no damage.
You block Natasha's attack.
The crimson imp blinks!
The crimson imp disappears in a puff of smoke!
The crimson imp blinks!
Natasha casts a spell.
Natasha casts a spell at you.
You feel yourself slow down.
You hit Natasha but do no damage.
Natasha is severely wounded.
You block Natasha's attack.
Natasha stares at you and mumbles some strange words.
The magic dart hits you.
You die...

#.#.# #.#.#
#.#.# #######
#.#†# .......
#.#.#
..?....##.#<#
........#.###
......55h...#
.......5#@..#
.....5..#####
.......5.
.......###
.......
.......
.....(!
....[..


You could see Natasha, a crimson imp (summoned) and a shadow imp (summoned).

Vanquished Creatures
  An adder (D:2)
  2 oozes (D:1)
  A dart slug (D:2)
  A giant cockroach (D:1)
  3 goblins (D:1)
  6 hobgoblins (D:1)
  6 jackals (D:1)
  2 bats (D:1)
  A frilled lizard (D:1)
  4 kobolds (D:1)
  2 rats (D:1)
29 creatures vanquished.

Notes
Turn   | Place    | Note
-------+----------+-------------------------------------------
     0 | D:1      | EnegeticOcto the Gargoyle Fighter began the quest for the
                  | Orb.
     0 | D:1      | Reached XP level 1. HP: 14/14 MP: 1/1
   220 | D:1      | Reached skill level 2 in Axes
   289 | D:1      | Reached XP level 2. HP: 15/19 MP: 2/2
   868 | D:1      | Reached XP level 3. HP: 22/23 MP: 3/3
  1379 | D:2      | Noticed Natasha
  1398 | D:2      | Killed from afar by Natasha

Illustrated notes

Levels and vault maps discovered:
D:1:      dpeg_arrival_fog, layout_loops_corners
D:2:      layout_basic, nzn_overflow_gifts_of_might_and_magic,
          nzn_hepliaklqana_mist_gate, uniq_natasha

Skill      XL: |  1 |
---------------+----+-----
Axes           | 2 |  2.6
Fighting       | |  3.7
Armour         | |  3.6
Shields        | |  3.7

Action                   || total
-------------------------++-------
Melee: War axe           ||   125
Armor: Scale mail        ||    87
Dodge: Dodged            ||    49
Block: Kite shield       ||    77
